 Dungeon Crawl Stone Soup version 0.14-a0-1519-gc5e2f7f (webtiles) character file.

163 Mitsuki the Ogre Mage (level 4, -2/39 HPs)
             Began as an Ogre Wizard on Dec 15, 2013.
             Slain by a gnoll
             ... wielding a +0,+0 halberd
              (6 damage)
             ... on Level 2 of the Dungeon on Dec 16, 2013.
             The game lasted 00:22:30 (3738 turns).

Mitsuki the Ogre Mage (Ogre Wizard)                 Turns: 3738, Time: 00:22:31

HP  -2/39        AC  3     Str 12      XL: 4   Next: 27%
MP   0/12        EV 10     Int 18      God:
Gold 90          SH  0     Dex  8      Spells:  4 memorised,  4 levels left

rFire  . . .     SeeInvis .     (no weapon)
rCold  . . .     Clarity  .     k - +0 orc robe
rNeg   . . .     Conserve .     (shield restricted)
rPois  .         rCorr    .     b - +0 wizard hat
rElec  .         rRot     .     (no cloak)
SustAb . .       Spirit   .     (gloves unavailable)
rMut   .         Warding  .     (boots unavailable)
Saprov + . .     Stasis   .     (no amulet)
                                (no ring)
                                (no ring)

@: very slightly contaminated, slightly resistant to hostile enchantments,
unstealthy
A: unfitting armour, fast metabolism 1, saprovore 1, tough skin 1
a: no special abilities


You were on level 2 of the Dungeon.
You were not hungry.

You visited 1 branch of the dungeon, and saw 3 of its levels.

You collected 90 gold pieces.

Inventory:

Armour
 b - a +0 wizard hat (worn)
 k - a +0 orcish robe (worn)
 m - a +0 robe
Scrolls
 d - a scroll of curse weapon {unknown}
 e - a scroll of recharging {unknown}
 g - 2 scrolls of remove curse {unknown}
 h - a scroll of enchant weapon II {unknown}
 i - 3 scrolls of identify {unknown}
 l - a scroll of noise {unknown}
Potions
 f - a potion of brilliance
Books
 c - a book of Minor Magic

   Spells                             Type                      Level
   *Magic Dart                        Conjuration                  1
   *Blink                             Translocation                2
   *Call Imp                          Summoning                    2
   Repel Missiles                     Charms/Air                   2
   Slow                               Hexes                        2
   Conjure Flame                      Conjuration/Fire             3
   *Mephitic Cloud                    Conjuration/Poison/Air       3


   Skills:
 + Level 2.4 Dodging
 + Level 1.5 Stealth
 + Level 4.7 Spellcasting
 + Level 1.2 Conjurations
 + Level 0.9 Summonings
 + Level 0.6 Translocations
 + Level 0.1 Poison Magic


You had 4 spell levels left.
You knew the following spells:

 Your Spells              Type           Power        Failure   Level  Hunger
a - Magic Dart            Conj           #...         12%         1    None
b - Call Imp              Summ           #.........   14%         2    #......
c - Blink                 Tloc           N/A          17%         2    #......
d - Mephitic Cloud        Conj/Pois/Air  #.......     34%         3    ###....


Dungeon Overview and Level Annotations

Branches:
Dungeon (3/16)

Altars:


Innate Abilities, Weirdness & Mutations

You are too large for most types of armour.
You have a fast metabolism.
You can tolerate rotten meat.
You have tough skin (AC +1).


Message History

The gnoll hits you from afar with a halberd!
* * * LOW HITPOINT WARNING * * *
The gnoll misses you.
Your crimson imp hits the gnoll.
The gnoll closely misses you.
Your crimson imp hits the gnoll.
The gnoll barely misses you.
Your crimson imp barely misses the gnoll.
Your crimson imp hits the gnoll.
Your crimson imp hits the gnoll.
The gnoll hits your crimson imp with a halberd!
Your crimson imp dies!
Casting: Magic Dart
Confirm with . or Enter, or press ? or * to list all spells.
Aiming: Magic Dart
Press: ? - help, Shift-Dir - straight line, f/p - gnoll
Aim: a gnoll, wielding a halberd (severely wounded)
The magic dart hits the gnoll.
The gnoll is severely wounded.
The gnoll hits you with a halberd.
You die...

########### ###########
..........# ###.......[.#
..........# #.'.........#
..........# #.#.........#
..........###.#.@g......#
.....%....%...#....<.(..#
..%.......#####.........+
..........# #.........#
##'######## #.........#
#.# #.........# #.##
#####'##### #..# ###..#
######## ##.# #...##
#.......


You could see a gnoll.

Vanquished Creatures
  2 gnolls (D:2)
  A worm (D:1)
  2 oozes
  A goblin (D:1)
  4 hobgoblins (D:1)
  7 kobolds
  A ball python (D:2)
  3 bats
  4 giant cockroaches
  A giant gecko (D:1)
  4 giant newts
  4 jackals (D:1)
  6 rats
40 creatures vanquished.

Vanquished Creatures (collateral kills)
  An adder (D:2)
  2 hobgoblins
  4 jackals (D:1)
  2 kobolds
9 creatures vanquished.

Vanquished Creatures (others)
  A crimson imp (D:2)
  A white imp (D:1)
  A goblin (D:2)
3 creatures vanquished.

Grand Total: 52 creatures vanquished

Notes
Turn   | Place    | Note
--------------------------------------------------------------
     0 | D:1      | Mitsuki, the Ogre Wizard, began the quest for the Orb.
     0 | D:1      | Reached XP level 1. HP: 16/16 MP: 4/4
   631 | D:1      | Reached XP level 2. HP: 12/24 MP: 0/6
   779 | D:1      | Learned a level 2 spell: Call Imp
   782 | D:1      | Learned a level 2 spell: Blink
   836 | D:1      | Reached skill level 4 in Spellcasting
  1596 | D:1      | Reached XP level 3. HP: 28/31 MP: 1/9
  2193 | D:1      | Reached skill level 1 in Conjurations
  2506 | D:2      | Upgraded the game from 0.14-a0-1499-g388a102 to 0.14-a0-1519-gc5e2f7f
  2516 | D:2      | Learned a level 3 spell: Mephitic Cloud
  3095 | D:2      | Reached XP level 4. HP: 39/39 MP: 9/11
  3738 | D:2      | Slain by a gnoll

Action                   |  1- 3 |  4- 6 || total
-------------------------+-------+-------++-------
Melee: Unarmed           |    57 |     1 ||    58
       Club              |     6 |       ||     6
 Cast: Magic Dart        |   114 |    18 ||   132
       Blink             |     6 |     2 ||     8
       Call Imp          |     6 |     2 ||     8
       Mephitic Cloud    |     2 |     2 ||     4
  Use: Potion            |     5 |       ||     5
